 Dungeon Sprint DCSS version 0.29-a0-723-gce39da1c22 (webtiles) character file.

Game seed: 11548221131617302459

231 wilfster70 the Spear-Bearer (level 5, -1/55 HPs)
             Began as a Minotaur Monk on June 28, 2022.
             Was a Priest of Qazlal.
             Collided with an unnaturally hard rock wall (10 damage)
             ... caused by a deep elf knight
             ... in the Dungeon (Sprint V: "Ziggurat Sprint").
             The game lasted 00:03:04 (313 turns).

wilfster70 the Spear-Bearer (Minotaur Monk)          Turns: 313, Time: 00:03:04

Health: -1/55      AC: 22    Str: 29    XL:     5   Next: 72%
Magic:  4/7        EV:  0    Int:  7    God:    Qazlal [***...]
Gold:   0          SH: 29    Dex: 13    Spells: 4/4 levels left

rFire   + + .      SeeInvis .   a - +8 lance "Wyrmbane" {slay drac, rPois rF+ rC+ AC+3}
rCold   + + .      Faith    .   s - +18 shield of the Gong {rElec rN+ Will+ EV-5}
rNeg    + . .      Spirit   .   b - +5 gold dragon scales
rPois   +          Reflect  .   (helmet restricted)
rElec   +          Harm     .   (no cloak)
rCorr   .          Rampage  .   v - +1 pair of gloves {Stlth+}
Will    +....      NoTele   +   (no boots)
Stlth   ..........              (no amulet)
HPRegen 0.18/turn               y - +6 ring of strength
MPRegen 0.10/turn               z - +6 ring of strength

@: no status effects
A: horns 2, retaliatory headbutt
a: Renounce Religion, Upheaval, Elemental Force


You were in the Dungeon.
You worshipped Qazlal.
Qazlal was most pleased with you.
You visited 1 branch

Inventory:

Hand Weapons
 a - the +8 lance "Wyrmbane" (weapon) {slay drac, rPois rF+ rC+ AC+3}
   (You found it in the Dungeon)

   It inflicts extra damage against dragons and draconians.
   AC:        It affects your AC (+3).
   rF:        It protects you from fire.
   rC:        It protects you from cold.
   rPois:     It protects you from poison.
Armour
 b - +5 gold dragon scales (worn)
 s - the +18 shield of the Gong (worn) {rElec rN+ Will+ EV-5}
   (You found it in the Dungeon)

   It is deafeningly noisy when blocking attacks.
   EV:        It affects your evasion (-5).
   rElec:     It insulates you from electricity.
   rN:        It protects you from negative energy.
   Will:      It increases your willpower.
 v - a +1 pair of gloves of stealth (worn)
Jewellery
 y - a +6 ring of strength (left hand)
 z - a +6 ring of strength (right hand)
Wands
 m - a wand of mindburst (7)
 t - a wand of iceblast (7)
 u - a wand of acid (7)
Scrolls
 i - 4 scrolls of blinking
 o - 4 scrolls of amnesia
 p - 7 scrolls of fog
 q - 2 scrolls of fear
 r - 5 scrolls of identify
Potions
 c - a potion of ambrosia
 d - 10 potions of curing
 e - 10 potions of heal wounds
 f - 6 potions of haste
 g - 7 potions of magic
 h - 3 potions of berserk rage
 j - 2 potions of brilliance
 k - 2 potions of invisibility
 l - 4 potions of resistance
 n - 5 potions of might
Miscellaneous
 w - a lightning rod (4/4)


   Skills:
 + Level 8.3 Fighting
 * Level 9.9 Polearms
 + Level 7.5 Dodging
 - Level 1.5 Stealth
 + Level 1.5 Shields
 + Level 4.2 Invocations


You had 4 spell levels left.
You didn't know any spells.
Your spell library was empty.

Dungeon Overview and Level Annotations

Branches:
Dungeon (1/1)

Altars:
Ashenzari
Cheibriados
Dithmenos
Elyvilon
Fedhas
Gozag
Hepliaklqana
Kikubaaqudgha
Makhleb
Nemelex Xobeh
Okawaru
Qazlal
Ru
Sif Muna
Trog
Uskayaw
Vehumet
Wu Jian
Xom
Yredelemnul
Zin
The Shining One
Beogh
Jiyva
Lugonu

Annotations:
D 1 transporter


Innate Abilities, Weirdness & Mutations

You have a pair of horns on your head.
You reflexively headbutt those who attack you in melee.


Message History

The +2 vorpal war axe completely resists.
The bolt of lightning hits you. You resist.
Found four items.
Found a transporter.
Aiming: Upheaval
Press: ? - help, Dir - move target, f - earth elemental
Aim: an earth elemental A blizzard blasts the area with ice!
The blast of ice hits the earth elemental!
The earth elemental partially resists.
The earth elemental is moderately damaged.
The earth elemental is flash-frozen.
You reach to attack!
You puncture the earth elemental!
The earth elemental is heavily damaged.
The deep elf knight mumbles some strange words.
The deep elf knight flickers and vanishes!
Deactivating autopickup; reactivate with Ctrl-A.
The deep elf zephyrmancer gestures wildly while chanting.
The deep elf zephyrmancer blinks!
You hit the +2 vorpal war axe but do no damage.
Your headbutt misses the +2 vorpal war axe.
The +2 vorpal war axe hits you!!
You are too injured to fight recklessly!
You hit the +2 vorpal war axe but do no damage.
The deep elf zephyrmancer casts a spell at you.
The bolt of lightning hits the +2 vorpal war axe.
The +2 vorpal war axe completely resists.
The bolt of lightning hits you. You resist.
You block the +2 vorpal war axe's attack.
GONNNNG!
You puncture the +2 vorpal war axe!
You headbutt the +2 vorpal war axe, but do no damage.
The +2 vorpal war axe is moderately damaged.
The earth elemental is no longer encased in ice.
You hear some strange, mumbled words.
A lance of force appears from out of thin air!
The lance of force hits you!
* * * LOW HITPOINT WARNING * * *
You are knocked back by the lance of force.
You slam into the unnaturally hard rock wall!
You die...

▓▓▓▓▓▓▓▓▓▓▓▓▓▓▓▓▓▓▓
▓.8©8.▓.8©8.▓.8©8.▓
▓.}}=.▓.)...▓.....▓
▓..[..▓.....▓.).}.▓
▓.....▓.....▓.....▓
▓.e...▓.....▓.†...▓
▓.E({.▓.....▓..©..▓
▓..@☼.▓..©..▓▓▓▓▓▓▓
▓▓▓▓▓▓▓▓▓▓▓▓▓


You could see an earth elemental, a deep elf zephyrmancer and a +2 vorpal war
axe.

Vanquished Creatures
  2 black bears (D)
  A quasit (D)
  2 white imps (D)
5 creatures vanquished.

Notes
Turn   | Place    | Note
-------+----------+-------------------------------------------
     0 | D        | wilfster70 the Minotaur Monk began the quest for the Orb.
     0 | D        | Reached XP level 1. HP: 19/19 MP: 0/0
    16 | D        | Found a shimmering blue altar of Sif Muna.
    16 | D        | Found a bloodstained altar of Trog.
    16 | D        | Found a sacrificial altar of Ru.
    16 | D        | Found a stormy altar of Qazlal.
    16 | D        | Found an iron altar of Okawaru.
    17 | D        | Found a sparkling altar of Nemelex Xobeh.
    17 | D        | Found a blossoming altar of Fedhas.
    17 | D        | Found the +6 Majin-Bo {vamp, MP+6 Int+6}
    17 | D        | Found the +9 heavy crossbow "Sniper" {vorpal, Acc+∞ SInv}
    17 | D        | Found the +10 dark maul {vorpal}
    17 | D        | Found the +15 Maxwell's patent armour {-Cast -Tele rElec
                  | Will+ rCorr}
    17 | D        | Found the +18 shield of the Gong {rElec rN+ Will+ EV-5}
    17 | D        | Found the +14 obsidian axe {vorpal, Mesm Drain Fly SInv}
    17 | D        | Found the +7 great mace "Firestarter" {inner flame, rF++}
    17 | D        | Found the +6 shillelagh "Devastator" {shatter}
    17 | D        | Found the +11 plutonium sword {Contam Stlth-}
    17 | D        | Found the +8 lance "Wyrmbane" {slay drac, rPois rF+ rC+
                  | AC+3}
    17 | D        | Found the +9 sword of Zonguldrok {reap}
    17 | D        | Found the +13 scythe of Curses {drain, Drain}
    17 | D        | Found the +5 sword of Power {vorpal}
    17 | D        | Found the +7 mace of Variability {chain chaos}
    17 | D        | Found the +7 Singing Sword {vorpal, sonic wave}
    17 | D        | Found the +8 storm bow {elec, penet}
    19 | D        | Found a transporter.
    19 | D        | Found an ancient bone altar of Kikubaaqudgha.
    19 | D        | Found a viscous altar of Jiyva.
    19 | D        | Found a corrupted altar of Lugonu.
    19 | D        | Found a hazy altar of Hepliaklqana.
    19 | D        | Found a burning altar of Makhleb.
    19 | D        | Found an opulent altar of Gozag.
    90 | D        | Reached skill level 6 in Polearms
    90 | D        | Reached skill level 5 in Dodging
    90 | D        | Reached XP level 2. HP: 30/30 MP: 1/1
   105 | D        | Became a worshipper of Qazlal Stormbringer
   105 | D        | Reached * piety under Qazlal
   105 | D        | Reached ** piety under Qazlal
   118 | D        | Entered arena 2.
   118 | D        | Noticed a black bear
   118 | D        | Noticed a black bear
   118 | D        | Found a transporter.
   123 | D        | Killed a black bear
   124 | D        | Reached skill level 8 in Polearms
   124 | D        | Reached XP level 3. HP: 39/39 MP: 1/4
   124 | D        | Reached XP level 4. HP: 47/47 MP: 1/5
   125 | D        | Killed a black bear
   126 | D        | Reached skill level 9 in Polearms
   126 | D        | Reached XP level 5. HP: 53/53 MP: 1/6
   280 | D        | Entered arena 3.
   280 | D        | Found a transporter.
   289 | D        | Reached skill level 1 in Shields
   290 | D        | Reached *** piety under Qazlal
   308 | D        | Entered arena 4.
   308 | D        | Noticed a deep elf knight
   308 | D        | Noticed a +2 vorpal war axe
   308 | D        | Noticed a deep elf zephyrmancer
   308 | D        | Found a transporter.
   313 | D        | Collided with an unnaturally hard rock wall

Illustrated notes

Levels and vault maps discovered:
D:        sprint_v [room_start, room_1, room_2, room_3, room_4, room_5, room_6,
          room_7, room_8, room_9, room_10, room_11, room_12, room_13, room_14,
          room_15, room_16, room_17, room_18, room_19, room_20, room_21,
          room_22, room_23, room_24, room_25, room_26, room_27]

Skill      XL: |  1  2  3  4  5 |
---------------+----------------+-----
Fighting       | 6 7 8 |  8.3
Polearms       | 6 8 9 |  9.9
Dodging        | 5 6 7 |  7.5
Invocations    | 2 3 4 |  4.2
Shields        | 1 |  1.5
Stealth        | |  1.5

Action                   |  1- 3 |  4- 6 || total
-------------------------+-------+-------++-------
Melee: Lance             |     5 |    16 ||    21
       Headbutt          |       |     2 ||     2
Invok: Upheaval          |       |     1 ||     1
  Use: Potion            |     1 |       ||     1
Armor: Gold dragon scale |     8 |    10 ||    18
Block: Kite shield       |    13 |    20 ||    33

Table legend: (Time is in decaauts)
 A = Elapsed time spent in this place.
 B = Non-inter-level travel time spent in this place.
 C = Inter-level travel time spent in this place.
 D = Time resting spent in this place.
 E = Time spent auto-exploring this place.
 F = Levels seen in this place.
 G = Mean time per level.
                   A        B        C        D        E       F      G
               +--------+--------+--------+--------+--------+-----+--------+
         Total |    308 |    308 |      0 |    149 |      0 |   1 |  308.0 |
       Dungeon |    308 |    308 |      0 |    149 |      0 |   1 |  308.0 |
               +--------+--------+--------+--------+--------+-----+--------+

Top non-repeatable levels by time:
       D: 308 daAuts
